 Dungeon Crawl Stone Soup version 0.20-a0-513-g02c11fc (webtiles) character file.

444 Kaname the Charmwright (level 6, 0/44 HPs)
             Began as a Demonspawn Skald on Jan 23, 2017.
             Slain by an iguana (11 damage)
             ... on level 4 of the Dungeon.
             The game lasted 00:13:55 (4670 turns).

Kaname the Charmwright (Demonspawn Skald)           Turns: 4670, Time: 00:13:56

Health: 0/44       AC:  7    Str: 11    XL:     6   Next: 72%
Magic:  6/9        EV: 12    Int: 16    God:
Gold:   161        SH:  0    Dex: 13    Spells: 3/9 levels left

rFire    . . .     SeeInvis .   a - +1 spear
rCold    . . .     Gourm    .   b - +1 leather armour
rNeg     . . .     Faith    .   (no shield)
rPois    .         Spirit   .   (no helmet)
rElec    .         Reflect  .   (no cloak)
rCorr    .         Harm     .   q - +2 pair of gloves
MR       .....                  (no boots)
Stlth    ++........             (no amulet)
Regen    0.2/turn               (no ring)
                                (no ring)

@: infused
A: hooves 2, demonic guardian 1
a: no special abilities


You were on level 4 of the Dungeon.
You were not hungry.

You visited 1 branch of the dungeon, and saw 4 of its levels.
You also visited: Sewer.

You collected 161 gold pieces.

Inventory:

Hand Weapons
 a - a +1 spear (weapon)
 e - a cursed -2 blowgun
Missiles
 g - 4 poisoned needles
Armour
 b - a +1 leather armour (worn)
 q - a +2 pair of gloves (worn)
Jewellery
 v - an uncursed ring of poison resistance {unknown}
Scrolls
 h - 2 scrolls of enchant weapon
 j - a scroll of recharging {unknown}
 n - 2 scrolls of remove curse
 p - 2 scrolls of magic mapping
 s - 5 scrolls of identify {unknown}
 t - a scroll of fog
 u - a scroll of blinking {unknown}
Potions
 f - a potion of berserk rage {unknown}
 i - 2 potions of haste
 l - a potion of might {unknown}
 m - a potion of brilliance
 r - 3 potions of invisibility {unknown}
Books
 c - a book of Battle

   Spells                             Type                      Level
   a - Infusion                       Charms                       1
   b - Shroud of Golubria             Charms/Translocation         2
   c - Song of Slaying                Charms                       2
   d - Spectral Weapon                Hexes/Charms                 3
   e - Regeneration                   Charms/Necromancy            3
Comestibles
 d - 4 bread rations
 k - 2 meat rations
 o - 2 royal jellies


   Skills:
 - Level 2.0 Fighting
 + Level 3.0 Polearms
 - Level 0.8 Armour
 - Level 1.7 Dodging
 - Level 3.3 Stealth
 - Level 2.0 Spellcasting
 - Level 4.0 Hexes
 - Level 4.0 Charms


You had 3 spell levels left.
You knew the following spells:

 Your Spells              Type           Power        Failure   Level  Hunger
a - Infusion              Chrm           ##..         6%          1    #......
b - Song of Slaying       Chrm           ##......     10%         2    ###....
c - Spectral Weapon       Hex/Chrm       ##......     17%         3    ###....


Dungeon Overview and Level Annotations

Branches:
Dungeon (4/15)
 Temple: D:4-7

Altars:
Fedhas
Makhleb
Ru
Sif Muna
Trog
Uskayaw
Yredelemnul
Zin


Innate Abilities, Weirdness & Mutations

You have hoof-like feet.
A weak demonic guardian rushes to your aid.


Message History

You closely miss the iguana.
The iguana is heavily wounded.
The iguana barely misses you.
You barely miss the iguana. You kick the iguana, but do no damage.
The iguana is heavily wounded.
The iguana bites you.
You barely miss the iguana. You kick the iguana, but do no damage.
The iguana is heavily wounded.
The iguana bites you.
You hit the iguana.
The iguana is almost dead.
The iguana bites you.
You closely miss the iguana.
The iguana is almost dead.
The iguana bites you.
* * * LOW HITPOINT WARNING * * *
You hit the iguana but do no damage. You kick the iguana, but do no damage.
The iguana is almost dead.
The iguana bites you!
You die...

.#.## ##.##
#.##.###.#.#... ..># #.#
#....##.#.##.# .### #.#
##.#....#.##.# ##
########.#
#....####.##.# #
#........# #.##.##
#(##.# ####.#####.##
#.###.## #.##.# .....#
♣.♣ ##[###...####.....
#######
#.#####....♣.♣.♣..5....#
.......
♣.♣....@.###...#5##.....
#######
#.#.####l..♣...♣.#####.#
##### ♣.♣.# .#.......#
#.# ....# #...#
.##♣#♣#♣## #.# ###.#
##### .# #.# ###.######.
.# #.# ..........# .#
#.# ###.###### ## #..
#.# ###


You could see an iguana.

Vanquished Creatures
  An ice beast (D:4)
  2 ogres (D:4)
  2 hounds (D:4)
  A howler monkey skeleton (D:4)
  6 adders
  3 oozes
  5 worms
  3 leopard geckos
  2 orcs
  3 ball pythons
  2 giant cockroaches (D:3)
  5 goblins
  9 hobgoblins
  4 jackals
  7 bats
  6 frilled lizards
  A jackal skeleton (D:4)
  10 kobolds
  A quokka skeleton (D:4)
  7 rats
80 creatures vanquished.

Vanquished Creatures (collateral kills)
  An adder (D:4)
1 creature vanquished.

Grand Total: 81 creatures vanquished

Notes
Turn   | Place    | Note
-------+----------+-------------------------------------------
     0 | D:1      | Kaname the Demonspawn Skald began the quest for the Orb.
     0 | D:1      | Reached XP level 1. HP: 16/16 MP: 3/3
    75 | D:1      | Gained mutation: You have large cloven feet. [demonic ancestry]
    75 | D:1      | Reached XP level 2. HP: 2/22 MP: 0/5
   188 | D:1      | Learned a level 2 spell: Song of Slaying
   987 | D:1      | Reached XP level 3. HP: 27/27 MP: 6/6
  1066 | D:2      | Reached skill level 1 in Stealth
  1071 | D:2      | Learned a level 3 spell: Spectral Weapon
  1076 | D:2      | Found a glowing silver altar of Zin.
  1079 | D:2      | Found a blossoming altar of Fedhas.
  1219 | D:2      | Found a sacrificial altar of Ru.
  1222 | D:2      | Found a bloodstained altar of Trog.
  1224 | D:2      | Found a basalt altar of Yredelemnul.
  1225 | D:2      | Found a hide-covered altar of Uskayaw.
  2078 | D:2      | Found a burning altar of Makhleb.
  2277 | D:3      | Gained mutation: You have hoof-like feet. [demonic ancestry]
  2277 | D:3      | Reached XP level 4. HP: 22/33 MP: 5/7
  2704 | D:3      | Found a glowing drain.
  2711 | Sewer    | Entered a sewer
  2713 | Sewer    | Noticed M4edhros's ghost (amateur FoAM)
  2727 | Sewer    | Noticed a big kobold
  3650 | D:4      | Gained mutation: A weak demonic guardian rushes to your aid. [demonic ancestry]
  3650 | D:4      | Reached XP level 5. HP: 38/38 MP: 8/8
  3714 | D:4      | Noticed an ice beast
  3738 | D:4      | Killed an ice beast
  4296 | D:4      | Noticed an ogre
  4311 | D:4      | Killed an ogre
  4311 | D:4      | Reached XP level 6. HP: 44/44 MP: 6/9
  4615 | D:4      | Found a deep blue altar of Sif Muna.
  4670 | D:4      | Slain by an iguana

Vault maps used:
D:1:      wheals_arrival_shading
D:2:      nicolae_overflow_crystal_walls, grunt_temple_overflow_open
D:3:      lightli_sewer_entry_pipes, kennysheep_generic_room_16
D:4:      kennysheep_mini, serial_forest, infiniplex_forest_straight_3,
          infiniplex_forest_3_way, infiniplex_forest_corner_1,
          infiniplex_forest_lined_room_, infiniplex_forest_lined_1,
          infiniplex_forest_straight_2, first_bread
Sewer:    sewer_co_15_rooms

Skill      XL: |  1  2  3  4  5  6 |
---------------+-------------------+-----
Polearms       | 2 3 |  3.0
Stealth        | 1 2 3 |  3.3
Charms         | 3 4 |  4.0
Hexes          | 3 4 |  4.0
Fighting       | |  2.0
Armour         | |  0.8
Dodging        | |  1.7
Spellcasting   | |  2.0

Action                   |  1- 3 |  4- 6 || total
-------------------------+-------+-------++-------
Melee: Spear             |   186 |   177 ||   363
       Kick              |    20 |    30 ||    50
 Cast: Infusion          |     6 |     6 ||    12
       Song of Slaying   |     2 |     2 ||     4
       Spectral Weapon   |       |     3 ||     3
  Use: Scroll            |     3 |     7 ||    10
       Potion            |     2 |     3 ||     5
 Stab: Distracted        |     1 |       ||     1
       Sleeping          |       |     5 ||     5
  Eat: Chunk             |     5 |       ||     5
       Bread ration      |       |     2 ||     2
Armor: Leather armour    |    45 |    27 ||    72
Dodge: Dodged            |    77 |    71 ||   148
